 Seeded DCSS version 0.31-a0-986-g5e6e4ef867 (webtiles) character file.

Game seed: 6062486022166621664 (custom seed)

3614 timneilson the Ruffian (level 10, 0/68 HPs)
             Began as an Octopode Shapeshifter on Nov 16, 2023.
             Was an Initiate of Gozag.
             Slain by a killer bee (3 damage)
             ... on level 7 of the Dungeon.
             The game lasted 00:18:17 (7928 turns).

timneilson the Ruffian (Octopode Shapeshifter)      Turns: 7928, Time: 00:18:18

Health: 0/68       AC:  1    Str: 18    XL:     10   Next: 11%
Magic:  0/10       EV: 20    Int: 12    God:    Gozag
Gold:   1176       SH:  0    Dex: 12    Spells: 9/9 levels left

rFire   . .          .
                       - Unarmed
rCold   + . .        (no shield)
rNeg    . . .        (helmet currently unavailable)
rPois   .            r - amulet of guardian spirit
rElec   .            l - +5 ring of evasion
rCorr   .            v - ring of protection from cold
SInv    .            (no ring)
Will    .....        (no ring)
Stlth   ++++         (no ring)
HPRegen 0.31/turn    (no ring)
MPRegen 0.12/turn    (no ring)
                     (no ring)

%: guardian spirit
@: lethally poisoned (0 -> -3), about to teleport, beast-form
A: beast (slay +3), almost no armour, amphibious, 8 rings, camouflage 1,
gelatinous body 1, (nimble swimmer 1), tentacles
a: Begin Untransformation, Renounce Religion, Potion Petition, Call Merchant,
Bribe Branch


You were on level 7 of the Dungeon.
You worshipped Gozag.
Gozag was most pleased with you.
You were a hulking beast.
You visited 2 branches of the dungeon, and saw 9 of its levels.
You also visited: Sewer.

You collected 1707 gold pieces.
You paid 531 gold pieces to Gozag.

Inventory:

Jewellery
 l - a +5 ring of evasion (left tentacle)
 r - an amulet of guardian spirit (around mantle)
 t - an amulet of the acrobat
 v - a ring of protection from cold (right tentacle)
Talismans
 b - a beast talisman
 c - a flux talisman
Wands
 d - a wand of iceblast (7)
 j - a wand of charming (13)
 o - a wand of mindburst (8)
 u - a wand of light (10)
Scrolls
 f - 3 scrolls of teleportation
 g - 4 scrolls of identify
 i - 3 scrolls of immolation
 n - 2 scrolls of enchant armour
 s - a scroll of amnesia {unknown}
Potions
 a - a potion of lignification
 e - 2 potions of cancellation
 k - 2 potions of brilliance
 m - 2 potions of mutation
 p - a potion of enlightenment
 q - a potion of attraction


   Skills:
 * Level 6.3 Fighting
 * Level 6.7 Dodging
 + Level 6.3 Stealth
 * Level 7.1 Unarmed Combat
 + Level 4.0 Evocations
 * Level 6.6 Shapeshifting


You had 9 spell levels left.
You didn't know any spells.
Your spell library was empty.

Dungeon Overview and Level Annotations

Branches:
Dungeon (8/15)             Temple (1/1) D:5           Sewer (visited)
   Lair: D:8-11

Altars:
Ashenzari
Cheibriados
Gozag
Hepliaklqana
Makhleb
Nemelex Xobeh
Okawaru
Qazlal
Ru
Sif Muna
Trog
Uskayaw
Vehumet
Wu Jian
Xom
Yredelemnul
Zin
The Shining One

Shops:
D:6 !


Innate Abilities, Weirdness & Mutations

You are a hulking beast.
Your limbs bulge with bestial killing power. (Slay +3)
You cannot wear most types of armour.
You are amphibious.
You can wear up to eight rings at the same time.
Your skin changes colour to match your surroundings (Stealth+).
Your rubbery body absorbs attacks. (AC +1, EV +1)
((You are camouflaged when in or above water. (Stealth+)))
You have tentacles for arms and can constrict up to eight enemies at once.


Message History

* * * LOW HITPOINT WARNING * * *
You feel very sick. The water moccasin misses you.
The killer bee closely misses you.
The water moccasin completely misses you.
The killer bee misses you.
Unknown command.
You barely miss the water moccasin. Your squeeze misses the water moccasin.
You feel less invigorated.
You feel less confused.
You feel very sick. The killer bee closely misses you.
The water moccasin bites you.
* * * LOW HITPOINT WARNING * * *
Unknown command.
Okay, then.
As you read the scroll of teleportation, it crumbles to dust.
You feel strangely unstable.
* * * LOW HITPOINT WARNING * * *
You feel sick. The killer bee closely misses you.
The water moccasin misses you. The killer bee closely misses you.
You tentacle-slap the water moccasin. You grab the water moccasin.
The water moccasin is lightly wounded.
You constrict the water moccasin.
You feel sick. The killer bee misses you.
The water moccasin closely misses you. The killer bee completely misses you.
The water moccasin completely misses you.
Unknown command.
You tentacle-slap the water moccasin.
The water moccasin is lightly wounded.
You constrict the water moccasin.
* * * LOW HITPOINT WARNING * * *
You feel sick. The killer bee misses you.
The water moccasin completely misses you.
The killer bee stings you.
* * * LOW HITPOINT WARNING * * *
You tentacle-slap the water moccasin.
The water moccasin is moderately wounded.
You constrict the water moccasin.
* * * LOW HITPOINT WARNING * * *
You feel sick. The killer bee stings you!
You die...
Your body crumbles into a pile of gold.

##....##...#..............#......
##....##...#.....##########......
.#.........#.....#...............
.#.........'.....#.....).........
.#.........#.....#...............
##...###..##.....#######.####..##
##...###..####'#.......#.####..##
......#........#.......#.........
......#........#hS.....#.........
......#........#.y.....#.........
##...####.##.###.......#########'
####'####.##.######..............
.#......#.....#...'..............
.'.)....#.....#...#.<............
)#......#.....#...#..............
##..)...#.....#...#..............
##......#.....#...#..............


You could see a water moccasin and a killer bee.

Vanquished Creatures
  Pikel (D:4)
  A komodo dragon (D:7)
  Jeremiah (D:7)
  Sigmund (D:3)
  A steam dragon (D:8)
  Duvessa (D:6)
  2 water moccasins
  Edmund (D:4)
  Pargi (Sewer)
  An ogre (D:5)
  A black bear (D:5)
  A sky beast (D:7)
  2 centaurs
  Blork the orc (D:4)
  A bullfrog (D:7)
  2 scorpions
  5 wights
  Dowan (D:6)
  2 howler monkeys (D:8)
  2 orc priests
  A gnoll bouda (D:6)
  2 hounds
  4 jellies
  Jessica (D:2)
  Ijyb (D:4)
  Natasha (twice) (D:3)
  3 iguanas
  3 orc wizards
  8 gnolls
  7 adders
  A river rat (D:3)
  A shadow imp (D:5)
  2 white imps (D:7)
  2 ufetubi (D:6)
  3 worms
  23 orcs
  7 ball pythons
  2 giant cockroaches
  7 hobgoblins
  6 jackals
  7 quokkas
  5 bats
  7 frilled lizards
  6 goblins
  11 kobolds
  7 rats
158 creatures vanquished.

Notes
Turn   | Place    | Note
-------+----------+-------------------------------------------
     0 | D:1      | timneilson the Octopode Shapeshifter began the quest for
                  | the Orb.
     0 | D:1      | Reached XP level 1. HP: 13/13 MP: 1/1
   167 | D:1      | Reached XP level 2. HP: 18/18 MP: 2/2
   958 | D:2      | Reached XP level 3. HP: 21/23 MP: 3/3
   977 | D:2      | Reached skill level 1 in Stealth
  1226 | D:2      | Noticed Jessica
  1230 | D:2      | Killed Jessica
  1231 | D:2      | Reached XP level 4. HP: 16/29 MP: 4/4
  1778 | D:3      | Noticed Natasha
  1784 | D:3      | Killed Natasha
  1785 | D:3      | Reached XP level 5. HP: 27/34 MP: 5/5
  1878 | D:3      | Found a glowing drain.
  1882 | Sewer    | Entered a sewer
  1991 | Sewer    | Noticed Pargi
  1995 | Sewer    | Killed Pargi
  1996 | Sewer    | Reached skill level 4 in Unarmed Combat
  1996 | Sewer    | Reached XP level 6. HP: 41/41 MP: 6/6
  2254 | D:3      | Noticed Natasha
  2259 | D:3      | Killed Natasha
  2296 | D:3      | Noticed Sigmund
  2300 | D:3      | Killed Sigmund
  2356 | D:3      | Found a shimmering altar of Xom.
  2375 | D:3      | Found a sacrificial altar of Ru.
  2406 | D:3      | Found a sparkling altar of Nemelex Xobeh.
  2493 | D:3      | Reached XP level 7. HP: 46/46 MP: 7/7
  2647 | D:3      | Identified a scroll of acquirement
  2647 | D:3      | Acquired 810 gold pieces
  2698 | D:4      | Noticed Pikel
  2708 | D:4      | Killed Pikel
  2709 | D:4      | Reached skill level 5 in Unarmed Combat
  2709 | D:4      | Reached skill level 1 in Evocations
  2709 | D:4      | Reached XP level 8. HP: 34/54 MP: 8/8
  2903 | D:4      | Noticed Ijyb
  2911 | D:4      | Killed Ijyb
  3362 | D:4      | Noticed Blork the orc
  3369 | D:4      | Killed Blork the orc
  3376 | D:4      | Reached skill level 5 in Shapeshifting
  3619 | D:4      | Noticed Edmund
  3626 | D:4      | Killed Edmund
  3627 | D:4      | Reached skill level 5 in Dodging
  3982 | D:5      | Entered Level 5 of the Dungeon
  4887 | D:5      | Found a staircase to the Ecumenical Temple.
  4893 | Temple   | Entered the Ecumenical Temple
  4907 | Temple   | Became a worshipper of Gozag Ym Sagoz the Greedy
  5050 | D:6      | Found a bloodstained altar of Trog.
  5142 | D:6      | Found a broken altar of Ashenzari.
  5188 | D:6      | Reached skill level 5 in Fighting
  5188 | D:6      | Reached skill level 6 in Unarmed Combat
  5188 | D:6      | Reached XP level 9. HP: 43/61 MP: 5/9
  5229 | D:6      | Reached skill level 5 in Stealth
  6088 | D:6      | Noticed Dowan
  6089 | D:6      | Noticed Duvessa
  6104 | D:6      | Killed Duvessa
  6109 | D:6      | Killed Dowan
  6435 | D:7      | Noticed a komodo dragon
  6775 | D:7      | Found a glowing silver altar of Zin.
  6929 | D:7      | Noticed Jeremiah
  6942 | D:7      | Killed Jeremiah
  7310 | D:7      | Killed a komodo dragon
  7311 | D:7      | Reached skill level 7 in Unarmed Combat
  7311 | D:7      | Reached XP level 10. HP: 38/68 MP: 5/10
  7505 | D:8      | Found a hide-covered altar of Uskayaw.
  7621 | D:8      | Noticed a green ugly thing
  7928 | D:7      | HP: 3/68 [poisoned by a water moccasin]
  7928 | D:7      | Slain by a killer bee

Illustrated notes

Levels and vault maps discovered:
D:1:      psy_arrival_spokes, layout_basic
D:2:      layout_basic, uniq_jessica
D:3:      layout_loops_ring, overflow_temple_1_default,
          lemuel_coloured_pillars_altar, general_overflow_altar,
          gup_sewer_entry_bowl, grunt_decor_mini_mirrors, minmay_statues_item,
          chequers_arboretum, minivault_26, kennysheep_generic_room_10,
          uniq_natasha, uniq_sigmund
D:4:      layout_layer_cave, grunt_ministairs_6, minmay_misc_feat_rugged,
          uniq_blork_the_orc, uniq_ijyb, uniq_pikel, uniq_edmund
D:5:      layout_basic, minmay_temple_entry_enclosed_plants
D:6:      layout_basic, kennysheep_mini_moat, mainiacjoe_overflow_chevrons,
          uniq_duvessa
D:7:      layout_gridville, nicolae_overflow_crystal_walls, uniq_jeremiah
D:8:      nicolae_cairo_tiling_very_big, layout_cave_pools,
          nicolae_uskayaw_dance_hall, serial_park, serial_park_tiny_2,
          serial_bayou_pond_b
Temple:   grunt_temple_mini_profane

Skill      XL: |  1  2  3  4  5  6  7  8  9 10 |
---------------+-------------------------------+-----
Stealth        | 1 2 3 4 6 |  6.3
Fighting       | 2 3 5 6 |  6.3
Dodging        | 3 4 5 6 |  6.7
Unarmed Combat | 4 5 6 7 |  7.1
Shapeshifting  | 4 5 6 |  6.6
Evocations     | 1 2 3 4 |  4.0

Action                     |  1- 3 |  4- 6 |  7- 9 | 10-12 || total
---------------------------+-------+-------+-------+-------++-------
  Melee: Unarmed           |    71 |    59 |   203 |    33 ||   366
         Constrict         |    22 |    15 |    43 |     5 ||    85
         Tentacles         |    12 |    17 |    65 |     3 ||    97
         Punch             |     3 |     2 |     7 |     5 ||    17
 Invoke: Call Merchant     |       |       |     1 |       ||     1
    Use: Scroll            |     4 |     8 |     7 |     2 ||    21
         Potion            |       |     1 |     4 |     1 ||     6
   Stab: Sleeping          |     5 |     8 |    13 |     2 ||    28
         Invisible         |       |       |     2 |       ||     2
         Distracted        |       |       |     1 |       ||     1
 Armour: Skin              |    29 |    19 |    66 |    30 ||   144
  Dodge: Dodged            |    32 |    32 |   133 |    60 ||   257

Table legend: (Time is in decaauts)
 A = Elapsed time spent in this place.
 B = Non-inter-level travel time spent in this place.
 C = Inter-level travel time spent in this place.
 D = Time resting spent in this place.
 E = Time spent auto-exploring this place.
 F = Levels seen in this place.
 G = Mean time per level.
                   A        B        C        D        E       F      G
               +--------+--------+--------+--------+--------+-----+--------+
         Total |   7893 |   7644 |    249 |    512 |   4742 |  10 |  789.3 |
       Dungeon |   7709 |   7471 |    238 |    488 |   4742 |   8 |  963.6 |
        Temple |     26 |     15 |     11 |      0 |      0 |   1 |   26.0 |
         Sewer |    157 |    157 |      0 |     24 |      0 |   1 |  157.0 |
               +--------+--------+--------+--------+--------+-----+--------+

Top non-repeatable levels by time:
     D:5: 1316 daAuts
     D:4: 1288 daAuts
     D:7: 1223 daAuts
     D:1: 941 daAuts
     D:6: 941 daAuts
     D:2: 827 daAuts
     D:3: 751 daAuts
     D:8: 419 daAuts
   Sewer: 157 daAuts
  Temple: 26 daAuts
